 Dungeon Crawl Stone Soup version 0.22-a0-392-g5dc3fd9 (webtiles) character file.

2795 4thArraOfDagon the Destroyer (level 9, 0/51 HPs)
             Began as an Octopode Air Elementalist on May 2, 2018.
             Was a Believer of Vehumet.
             Slain by a two-headed ogre
             ... wielding a +0 giant club
              (19 damage)
             ... on level 8 of the Dungeon.
             The game lasted 00:20:15 (6331 turns).

4thArraOfDagon the Destroyer (OpAE)                 Turns: 6331, Time: 00:20:16

Health: 0/51       AC:  6    Str:  7    XL:     9   Next: 71%
Magic:  3/19       EV: 18    Int: 32    God:    Vehumet [**....]
Gold:   420        SH:  6    Dex: 16    Spells: 5/21 levels left

rFire    . . .     SeeInvis +   w - +8 dagger of the First Cities {pain, rC+ Int+8 Dex+4}
rCold    + . .     Gourm    .   A - +1 buckler {AC+3}
rNeg     . . .     Faith    .   z - +2 hat
rPois    .         Spirit   .   (no amulet)
rElec    .         Reflect  .   a - +5 ring of evasion
rCorr    .         Harm     .   s - +3 ring of intelligence
MR       +....                  u - ring of protection from magic
Stlth    +++.......             y - ring of see invisible
HPRegen  0.17/turn              (no ring)
MPRegen  0.16/turn              (no ring)
                                (no ring)
                                (no ring)

@: no status effects
A: almost no armour, stealthy swim, amphibious, 8 rings, constrict 8, camouflage
1, gelatinous body 1
a: Renounce Religion


You were on level 8 of the Dungeon.
You worshipped Vehumet.
Vehumet was pleased with you.
You were hungry.

You visited 2 branches of the dungeon, and saw 9 of its levels.

You collected 420 gold pieces.

Inventory:

Hand Weapons
 e - a +1 falchion
 w - the +8 dagger of the First Cities (weapon) {pain, rC+ Int+8 Dex+4}
   (You found it on level 7 of the Dungeon)

   In the hands of one skilled in necromantic magic, it inflicts extra damage on
   living creatures.
   It affects your intelligence (+8).
   It affects your dexterity (+4).
   It protects you from cold.
 E - the +3 flail "Diosudu" {venom, +Blink rPois SInv Stlth-}
   (You found it on level 7 of the Dungeon)

   It poisons the flesh of those it strikes.
   It protects you from poison.
   It lets you see invisible.
   It lets you blink.
   It makes you less stealthy.
Armour
 c - a +1 shield
 z - a +2 hat (worn)
 A - a +1 buckler of protection (worn)
Magical Staves
 l - an uncursed staff of wizardry {!a}
Jewellery
 a - a +5 ring of evasion (left tentacle)
 s - a +3 ring of intelligence (right tentacle)
 u - a ring of protection from magic (on tentacle)
 y - a ring of see invisible (on tentacle)
Wands
 g - a wand of clouds (6)
Scrolls
 i - 4 scrolls of enchant weapon
 j - a scroll of blinking {unknown}
 n - 3 scrolls of remove curse
 p - a scroll of magic mapping
 r - 2 scrolls of enchant armour
 t - a scroll of teleportation
 v - a scroll of immolation {unknown}
 D - a scroll of noise
Potions
 d - 2 potions of ambrosia {unknown}
 f - 3 potions of resistance {unknown}
 h - 3 potions of cancellation {unknown}
 k - a potion of agility {unknown}
 m - 3 potions of mutation {unknown}
 o - 2 potions of brilliance {unknown}
 q - 3 potions of haste {unknown}
 x - 2 potions of curing
 B - 4 potions of degeneration {unknown}
 C - a potion of lignification
 G - a potion of might {unknown}
Comestibles
 b - 10 rations


   Skills:
 - Level 2.0 Dodging
 - Level 2.6 Stealth
 + Level 3.5 Shields
 + Level 6.9 Spellcasting
 * Level 10.2 Conjurations
 - Level 3.0 Air Magic


You had 5 spell levels left.
You knew the following spells:

 Your Spells              Type           Power        Failure   Level  Hunger
a - Shock                 Conj/Air       ####         1%          1    None
b - Airstrike             Air            ####......   13%         4    ##.....
c - Lightning Bolt        Conj/Air       ######....   8%          5    ####...
d - Static Discharge      Conj/Air       ######..     1%          3    None
e - Mephitic Cloud        Conj/Pois/Air  #####...     2%          3    None


Dungeon Overview and Level Annotations

Branches:
Dungeon (8/15)             Temple (1/1) D:7
   Lair: D:8-11

Altars:
Ashenzari
Cheibriados
Dithmenos
Elyvilon
Fedhas
Gozag
Kikubaaqudgha
Nemelex Xobeh
Okawaru
Qazlal
Ru
Trog
Uskayaw
Vehumet
Wu Jian
Xom
Yredelemnul
Zin
The Shining One
Lugonu

Shops:
D:5 [

Annotations:
D:5 Edmund


Innate Abilities, Weirdness & Mutations

You cannot wear most types of armour.
You are very stealthy in the water. (Stealth+)
You are amphibious.
You can wear up to eight rings at the same time.
You can use your tentacles to constrict eight enemies at once.
Your skin changes colour to match your surroundings (Stealth+).
Your rubbery body absorbs attacks. (AC +1, EV +1)


Message History

The two-headed ogre hits you with a giant club.
Unknown command.
You are feeling hungry.
Casting: Mephitic Cloud (safe; 2% risk of failure)
Confirm with . or Enter, or press ? or * to list all spells.
Aiming: Mephitic Cloud (safe; 2% risk of failure)
Press: ? - help, Shift-Dir - straight line, f/p - two-headed ogre
Aim: a two-headed ogre, wielding two giant clubs (severely wounded)
The ball explodes into a vile cloud!
The stinking cloud engulfs the two-headed ogre.
The two-headed ogre is severely wounded.
The two-headed ogre is engulfed in noxious fumes.
Unknown command.
Unknown command.
The two-headed ogre is engulfed in noxious fumes.
Unknown command.
Unknown command.
Unknown command.
The two-headed ogre hits you with a giant club!!
You die...

.#.............# #.
.#############.# #.
.# #§# #. .# #§# #.
.# #.# #. .# #.# #.
.# #.# #. .#
#.#################.
##
#.O@................
#
###################.
# ##


You could see a two-headed ogre.

Vanquished Creatures
  Grinder (D:6)
  A hippogriff (D:8)
  Sigmund (D:6)
  2 orc warriors (D:8)
  3 sky beasts
  2 ice beasts (D:5)
  3 ogres
  A big kobold (D:8)
  3 bullfrogs
  3 scorpions
  3 wights (D:8)
  A centaur zombie (D:5)
  A crimson imp (D:6)
  An orc wizard (D:8)
  3 orc priests
  A bullfrog skeleton (D:4)
  3 hounds
  2 jellies
  2 iguanas
  3 worker ants
  A worker ant zombie (D:6)
  16 adders
  7 gnolls
  4 shadow imps
  2 oozes
  2 adder skeletons
  3 worms
  A dart slug (D:3)
  4 leopard geckos
  12 orcs
  A ball python (D:3)
  6 bats
  5 giant cockroaches
  6 goblins
  7 hobgoblins
  5 quokkas
  A ball python zombie (D:4)
  6 frilled lizards
  A jackal skeleton (D:8)
  8 kobolds
  A quokka skeleton (D:5)
  A quokka zombie (D:6)
  9 rats
149 creatures vanquished.

Notes
Turn   | Place    | Note
-------+----------+-------------------------------------------
     0 | D:1      | 4thArraOfDagon the Octopode Air Elementalist began the quest for the Orb.
     0 | D:1      | Reached XP level 1. HP: 11/11 MP: 3/3
   110 | D:2      | Reached XP level 2. HP: 17/17 MP: 1/5
   156 | D:2      | Reached skill level 2 in Conjurations
   312 | D:4      | Reached XP level 3. HP: 21/21 MP: 4/6
   328 | D:4      | Noticed a scorpion
   346 | D:4      | Killed a scorpion
   346 | D:4      | Reached skill level 3 in Conjurations
   346 | D:4      | Reached XP level 4. HP: 27/27 MP: 2/8
   618 | D:5      | Entered Level 5 of the Dungeon
   624 | D:5      | Reached skill level 4 in Conjurations
   624 | D:5      | Reached XP level 5. HP: 30/31 MP: 4/9
   665 | D:5      | Found Zedaerex's Armour Boutique.
   709 | D:5      | Noticed an ice beast
   746 | D:5      | Killed an ice beast
   746 | D:5      | Reached XP level 6. HP: 11/36 MP: 11/11
  1023 | D:6      | Learned a level 4 spell: Airstrike
  1029 | D:6      | Learned a level 5 spell: Lightning Bolt
  1048 | D:5      | Reached skill level 5 in Conjurations
  1092 | D:6      | Noticed Sigmund
  1100 | D:6      | Killed Sigmund
  1100 | D:6      | Reached XP level 7. HP: 33/41 MP: 1/13
  1412 | D:6      | Reached skill level 6 in Conjurations
  1505 | D:7      | Found a staircase to the Ecumenical Temple.
  1515 | Temple   | Entered the Ecumenical Temple
  1540 | Temple   | Became a worshipper of Vehumet
  1763 | D:3      | Found a sacrificial altar of Ru.
  2214 | D:1      | Reached * piety under Vehumet
  2214 | D:1      | Offered knowledge of Sandblast by Vehumet.
  2328 | D:1      | Learned a level 3 spell: Static Discharge
  2741 | D:2      | Found a glowing golden altar of the Shining One.
  3590 | D:4      | Offered knowledge of Throw Frost by Vehumet.
  3624 | D:4      | Reached skill level 7 in Conjurations
  3730 | D:4      | Reached ** piety under Vehumet
  3730 | D:4      | Reached skill level 5 in Spellcasting
  3730 | D:4      | Reached XP level 8. HP: 46/46 MP: 12/15
  3749 | D:4      | Found a blossoming altar of Fedhas.
  4350 | D:5      | Reached skill level 8 in Conjurations
  4522 | D:5      | Noticed Edmund
  4749 | D:6      | Noticed Grinder
  4756 | D:6      | Killed Grinder
  5225 | D:7      | Identified a scroll of acquirement
  5314 | D:7      | Got a crystal flail
  5326 | D:7      | Identified the +3 flail "Diosudu" {venom, +Blink rPois SInv Stlth-} (You found it on level 7 of the Dungeon)
  5351 | D:7      | Found a corrupted altar of Lugonu.
  5551 | D:7      | Got a polished dagger
  5554 | D:7      | Identified the +8 dagger of the First Cities {pain, rC+ Int+8 Dex+4} (You found it on level 7 of the Dungeon)
  5579 | D:7      | Found a transporter.
  5619 | D:7      | Noticed an unseen horror
  5624 | D:7      | Noticed a small abomination
  5661 | D:8      | Found a stormy altar of Qazlal.
  5707 | D:8      | Reached skill level 1 in Shields
  5709 | D:8      | Reached skill level 9 in Conjurations
  5721 | D:8      | Reached XP level 9. HP: 51/51 MP: 10/18
  6106 | D:8      | Reached skill level 10 in Conjurations
  6109 | D:8      | Offered knowledge of Mephitic Cloud by Vehumet.
  6160 | D:8      | Learned a level 3 spell: Mephitic Cloud
  6304 | D:8      | Noticed a two-headed ogre
  6331 | D:8      | Slain by a two-headed ogre

Vault maps used:
D:1:      minmay_arrival_pointy
D:2:      tso_metal_star
D:3:      nicolae_ru_path_of_blood
D:4:      first_ration, grunt_ministairs_2, fedhas_altar_2
D:5:      serial_shops, kennysheep_little_box, minmay_misc_feat_alley,
          uniq_edmund
D:6:      uniq_sigmund, uniq_grinder
D:7:      gammafunk_corrupted_shrine, minmay_temple_entry_statues_fountains
D:8:      grunt_pizzeria, hex_tiny, minmay_splitting_lines,
          nicolae_qazlal_general_emergency
Temple:   grunt_wide_crystal_templ

Skill      XL: |  1  2  3  4  5  6  7  8  9 |
---------------+----------------------------+-----
Conjurations   | 2 3 4 5 7 9 10 | 10.2
Spellcasting   | 3 4 5 6 |  6.9
Shields        | 1 3 |  3.5
Dodging        | |  2.0
Stealth        | |  2.6
Air Magic      | |  3.0

Action                   |  1- 3 |  4- 6 |  7- 9 || total
-------------------------+-------+-------+-------++-------
Melee: Unarmed           |    10 |       |       ||    10
       Constrict         |     7 |     2 |    51 ||    60
       Tentacles         |     7 |     3 |    26 ||    36
       Falchion          |     5 |     6 |       ||    11
       Staff             |       |       |   144 ||   144
       Flail             |       |       |     6 ||     6
       Dagger            |       |       |    50 ||    50
 Cast: Shock             |    12 |    22 |   162 ||   196
       Airstrike         |       |       |    19 ||    19
       Mephitic Cloud    |       |       |     4 ||     4
Evoke: Wand              |       |     8 |     2 ||    10
  Use: Scroll            |     1 |     3 |    10 ||    14
 Stab: Sleeping          |     4 |     1 |    19 ||    24
       Confused          |       |       |     1 ||     1
  Eat: Chunk             |       |     1 |    14 ||    15
       Ration            |       |       |     1 ||     1
Armor: Skin              |     2 |     1 |    16 ||    19
Dodge: Dodged            |    11 |    20 |   171 ||   202
Block: Buckler           |       |       |    14 ||    14
       Rpst.: Falchion   |     1 |     7 |       ||     8

Table legend:
 A = Spawn XP
 B = Non-spawn XP
 C = Spawn XP percentage of total XP
 D = Spawn monster count
 E = Non-spawn monster count
 F = Spawn count percentage of total count
 G = Total turns spent on level
                    A         B        C        D         E        F      G
               +---------+---------+-------+---------+---------+-------+---------
         Total |       0 |    3994 |   0.0 |       0 |     149 |   0.0 |  6331
               +---------+---------+-------+---------+---------+-------+---------
           D:1 |       0 |      34 |   0.0 |       0 |      19 |   0.0 |   679
           D:2 |       0 |      81 |   0.0 |       0 |      19 |   0.0 |   750
           D:3 |       0 |     145 |   0.0 |       0 |      25 |   0.0 |   773
           D:4 |       0 |     428 |   0.0 |       0 |      19 |   0.0 |   964
           D:5 |       0 |     693 |   0.0 |       0 |      14 |   0.0 |   998
           D:6 |       0 |     690 |   0.0 |       0 |      14 |   0.0 |   945
           D:7 |       0 |     134 |   0.0 |       0 |       6 |   0.0 |   508
           D:8 |       0 |    1789 |   0.0 |       0 |      33 |   0.0 |   680
               +---------+---------+-------+---------+---------+-------+---------
